 Dungeon Crawl Stone Soup version 0.30-a0-1085-g990a428a5c (webtiles) character file.

Game seed: 17907470235203865125

758 themarg the Slicer (level 7, 0/52 HPs)
             Began as a Merfolk Gladiator on Apr 16, 2023.
             Was a Follower of Okawaru.
             Splashed by a jelly's acid (7 damage)
             ... on level 5 of the Dungeon.
             The game lasted 00:10:19 (3924 turns).

themarg the Slicer (Merfolk Gladiator)              Turns: 3924, Time: 00:10:19

Health: 0/52       AC:  1    Str: 15    XL:     7   Next: 80%
Magic:  7/7        EV: 14    Int:  7    God:    Okawaru [*.....]
Gold:   210        SH:  0    Dex: 17    Spells: 6/6 levels left

rFire   . . .      SeeInvis .    a - +0 rapier
rCold   . . .      Faith    .    (no shield)
rNeg    . . .      Spirit   .    b - +0 leather armour
rPois   .          Reflect  .    c - +0 helmet
rElec   .          Rampage  .    (no cloak)
rCorr   .                        (no gloves)
Will    .....                    D - +0 pair of boots
Stlth   +                        (no amulet)
HPRegen 0.28/turn                (no ring)
MPRegen 0.10/turn                (no ring)

@: corroded
A: (nimble swimmer 2), mertail
a: Renounce Religion, Heroism


You were on level 5 of the Dungeon.
You worshipped Okawaru.
Okawaru was aware of your devotion.
You visited 1 branch of the dungeon, and saw 5 of its levels.

You collected 210 gold pieces.

Inventory:

Hand Weapons
 a - a +0 rapier (weapon)
Missiles
 d - 5 throwing nets
 e - a javelin
 k - 56 stones
 w - 6 poisoned darts (quivered)
Armour
 b - a +0 leather armour (worn)
 c - a +0 helmet (worn)
 D - a +0 pair of boots (worn)
Jewellery
 s - a ring of fire
 G - an amulet of faith
Wands
 F - a wand of digging (4)
Scrolls
 f - a scroll of immolation {unknown}
 g - 2 scrolls of summoning {unknown}
 i - a scroll of vulnerability {unknown}
 j - 4 scrolls of teleportation {unknown}
 l - a scroll of blinking {unknown}
 m - 3 scrolls of amnesia {unknown}
 n - a scroll of acquirement {unknown}
 p - a scroll of enchant armour {unknown}
 t - 6 scrolls of identify {unknown}
 v - a scroll of fog {unknown}
 y - a scroll of fear {unknown}
 z - a scroll of silence {unknown}
 A - a scroll of noise {unknown}
 B - a scroll of torment {unknown}
 E - a scroll of poison {unknown}
Potions
 h - a potion of curing {unknown}
 o - a potion of heal wounds {unknown}
 q - a potion of haste {unknown}
 r - 2 potions of might {unknown}
 u - 2 potions of cancellation {unknown}
 x - a potion of experience {unknown}
 C - a potion of lignification {unknown}


   Skills:
 + Level 3.1 Fighting
 * Level 10.1 Short Blades
 - Level 2.0 Throwing
 + Level 4.8 Dodging


You had 6 spell levels left.
You didn't know any spells.
Your spell library contained the following spells:

 Spells                   Type           Power      Damage    Failure   Level
 Apportation              Tloc           0%         N/A       50%         1
 Necrotise                Necr           0%         1d4       50%         1
 Lesser Beckoning         Tloc           0%         N/A       65%         2
 Gell's Gravitas          Tloc           0%         N/A       86%         3
 Teleport Other           Tloc           0%         N/A       86%         3
 Summon Small Mammal      Summ           Unusable   N/A       N/A         1

Dungeon Overview and Level Annotations

Branches:
Dungeon (5/15)
 Temple: D:4-7

Altars:
Gozag
Okawaru
Vehumet

Annotations:
D:3 Ijyb
D:5 1 runed translucent door, kougar's ghost, novice MiFi


Innate Abilities, Weirdness & Mutations

((You are very nimble when in or above water. (Stealth+, EV+, Speed+++)))
Your lower body shifts to a powerful aquatic tail in water.


Message History

The orc priest is almost dead.
The orc priest looks braver for a moment.
You barely miss the orc priest.
The orc priest is almost dead.
The orc priest invokes the aid of Beogh against you.
Pain shoots through your body!
You closely miss the orc priest.
The orc priest is almost dead.
You barely miss the orc priest.
The orc priest is almost dead.
The orc priest begins to cast a cantrip, but forgets the words!
You barely miss the orc priest.
The orc priest is almost dead.
The orc priest looks encouraged for a moment.
You hit the orc priest but do no damage.
The orc priest is almost dead.
The orc priest invokes the aid of Beogh against you.
Beogh smites you!
* * * LOW HITPOINT WARNING * * *
You hit the orc priest but do no damage.
The orc priest is almost dead.
You hit the orc priest but do no damage.
The orc priest is almost dead.
The orc priest begins to cast a cantrip, but forgets the words!
You hit the orc priest.
You kill the orc priest!
Okawaru accepts your kill.
You hit the jelly but do no damage.
Your hands burn!
* * * LOW HITPOINT WARNING * * *
You hit the jelly.
Your hands burn!
* * * LOW HITPOINT WARNING * * *
The jelly is lightly wounded.
The jelly misses you.
You hit the jelly. The acid corrodes you!
Your hands burn!
* * * LOW HITPOINT WARNING * * *
The jelly is heavily wounded.
The jelly hits you.
* * * LOW HITPOINT WARNING * * *
You are splashed with acid!
You die...

##........# #.
##...###...###)
##...##⌠##...##)
#...##...##.....
#..##..?..##....
###..+W..♣..⌠#..#.
#....##..!..##..#. ###
#.#...##...##...#.
..#####@##...##⌠##...##. ..
#.#..J.###...###...###. ....
#...#### ##.......####.
#..###.o## ##.....## #..
#.#...#.############.## #..
#.....o...........#..#####..
#.##.##.##..............####
#. ...
...................... ?.#..
#.#...#####.#####.####


You could see a jelly and an orc.

Vanquished Creatures
  Grinder (D:4)
  An ogre (D:4)
  A scorpion (D:5)
  4 hounds
  An orc priest (D:5)
  A sleepcap (D:5)
  2 orc wizards (D:5)
  4 gnolls
  8 adders
  A white imp (D:4)
  A worm (D:2)
  2 dart slugs
  3 orcs (D:5)
  7 ball pythons
  6 endoplasms
  2 giant cockroaches
  6 goblins
  6 hobgoblins
  3 jackals (D:2)
  6 kobolds
  3 quokkas
  3 bats
  3 frilled lizards (D:2)
  6 rats
81 creatures vanquished.

Notes
Turn   | Place    | Note
-------+----------+-------------------------------------------
     0 | D:1      | themarg the Merfolk Gladiator began the quest for the Orb.
     0 | D:1      | Reached XP level 1. HP: 16/16 MP: 1/1
   271 | D:1      | Reached skill level 4 in Short Blades
   271 | D:1      | Reached XP level 2. HP: 7/23 MP: 2/2
   376 | D:1      | Found a faded altar of an unknown god.
   496 | D:1      | Reached XP level 3. HP: 23/28 MP: 3/3
  1031 | D:2      | Reached XP level 4. HP: 22/34 MP: 4/4
  1462 | D:3      | You fall into a shaft and drop 1 floor!
  1488 | D:4      | Reached skill level 5 in Short Blades
  1544 | D:4      | Found an iron altar of Okawaru.
  1552 | D:4      | Became a worshipper of Warmaster Okawaru
  1896 | D:3      | Reached XP level 5. HP: 21/41 MP: 5/5
  2085 | D:3      | Reached skill level 6 in Short Blades
  2498 | D:3      | Noticed Ijyb
  2743 | D:4      | Noticed Grinder
  2743 | D:4      | Paralysed by Grinder for 5 turns
  2764 | D:4      | Paralysed by Grinder for 4 turns
  2768 | D:4      | Killed Grinder
  2768 | D:4      | Reached * piety under Okawaru
  2769 | D:4      | Reached skill level 8 in Short Blades
  2769 | D:4      | Reached XP level 6. HP: 24/47 MP: 6/6
  2920 | D:4      | Found a radiant altar of Vehumet.
  3168 | D:4      | Reached XP level 7. HP: 30/52 MP: 7/7
  3312 | D:5      | Entered Level 5 of the Dungeon
  3322 | D:5      | Noticed kougar's ghost (novice MiFi)
  3323 | D:5      | Found a runed translucent door.
  3348 | D:5      | Reached skill level 9 in Short Blades
  3565 | D:5      | Found an opulent altar of Gozag.
  3826 | D:5      | Reached skill level 10 in Short Blades
  3924 | D:5      | Splashed by a jelly's acid

Illustrated notes

Levels and vault maps discovered:
D:1:      dpeg_arrival_long_road, layout_basic,
          dilly_ecumenical_altar_fadedgnrine, minmay_misc_feat_enclosed,
          minmay_tree_intersection
D:2:      layout_rooms, minmay_crystal_water, hex_medium
D:3:      layout_loops_corners, nzn_overflow_gifts_of_might_and_magic, uniq_ijyb
D:4:      layout_cave_pools, mainiacjoe_overflow_small_starburst,
          mainiacjoe_overflow_six_doors_small, minmay_crossroads, uniq_grinder
D:5:      layout_loops_ring, mainiacjoe_overflow_catch_the_wave,
          mainiacjoe_overflow_24_doors, minmay_temple_entry_hall,
          hellmonk_ghost_happy_afterlife, uniq_edmund

Skill      XL: |  1  2  3  4  5  6  7 |
---------------+----------------------+-----
Short Blades   | 4 5 8 10 | 10.1
Fighting       | 3 |  3.1
Throwing       | |  2.0
Dodging        | |  4.8

Action                     |  1- 3 |  4- 6 |  7- 9 || total
---------------------------+-------+-------+-------++-------
  Melee: Rapier            |    98 |   135 |   135 ||   368
         Punch             |     2 |     1 |     1 ||     4
         Tailslap          |       |     1 |       ||     1
  Throw: Dart              |       |     4 |       ||     4
 Invoke: Heroism           |       |       |     2 ||     2
   Stab: Sleeping          |     1 |     3 |       ||     4
 Armour: Leather armour    |    23 |    26 |    17 ||    66
  Dodge: Dodged            |    52 |    68 |    57 ||   177

Table legend: (Time is in decaauts)
 A = Elapsed time spent in this place.
 B = Non-inter-level travel time spent in this place.
 C = Inter-level travel time spent in this place.
 D = Time resting spent in this place.
 E = Time spent auto-exploring this place.
 F = Levels seen in this place.
 G = Mean time per level.
                   A        B        C        D        E       F      G
               +--------+--------+--------+--------+--------+-----+--------+
         Total |   3857 |   3803 |     54 |    271 |   2674 |   5 |  771.4 |
       Dungeon |   3857 |   3803 |     54 |    271 |   2674 |   5 |  771.4 |
               +--------+--------+--------+--------+--------+-----+--------+

Top non-repeatable levels by time:
     D:3: 1096 daAuts
     D:4: 793 daAuts
     D:1: 764 daAuts
     D:2: 634 daAuts
     D:5: 568 daAuts
